Map: Simulacrum LE

Players

ViBE - Winner!

  • Race: Zerg Zerg
  • League: Master
  • Spawn Location: 5:00

Meow

  • Race: Protoss Protoss
  • League: Master
  • Spawn Location: 11:00

VOD

Have the link to the VOD?

Description

Time

  • Played on: Dec. 26, 2019, 3:40 a.m.
  • Length: 9:29
Show
View Real Time Build Order
Export as new Build Order

ViBE Zerg - Winner!

Build Orders: Hatch First 

Get SALT Encoding   

  12  0:01  Drone  
  13  0:13  Overlord  
  13  0:18  Drone  
  14  0:32  Drone x2  
  16  0:38  Drone  
  17  0:54  Drone  
  18  1:01  Drone  
  19  1:07  Hatchery  
  18  1:11  Drone  
  18  1:18  Spawning Pool  
  18  1:21  Extractor  
  17  1:35  Drone  
  17  1:36  Drone  
  19  1:52  Overlord  
  19  2:08  Drone, Queen  
  22  2:14  Drone  
  23  2:15  Zergling x2  
  23  2:19  Queen  
  23  2:21  Zergling x2  
  27  2:25  Drone  
  28  2:33  Metabolic Boost  
  28  2:39  Drone x2  
  30  2:53  Drone x3  
  33  3:00  Overlord  
  33  3:05  Drone x2  
  35  3:13  Overlord  
  35  3:14  Hatchery  
  34  3:28  Overlord  
  34  3:34  Queen x2  
  34  3:36  Drone x6  
  44  3:56  Drone  
  44  3:57  Evolution Chamber, Drone  
  45  4:05  Drone x7  
  52  4:17  Overlord x2  
  52  4:23  Overlord  
  52  4:25  Zerg Melee Weapons Level 1, Queen x2  
  55  4:31  Zergling x2  
  55  4:32  Zergling x4  
  55  4:35  Zergling x6  
  60  4:42  Queen  
  60  4:45  Drone x7  
  69  4:55  Zergling x6  
  72  5:00  Zergling x2  
  72  5:01  Zergling x4  
  75  5:08  Drone x2  
  77  5:18  Drone x2  
  77  5:19  Drone  
  77  5:20  Lair  
  79  5:24  Hatchery  
  79  5:25  Drone x5  
  80  5:40  Drone x3  
  81  5:46  Overlord x5  
  80  5:55  Extractor x2  
  80  5:56  Extractor  
  77  5:57  Extractor  
  77  5:59  Extractor  
  77  6:00  Zergling x6  
  77  6:01  Zergling x8  
  82  6:11  Zergling x8  
  86  6:30  Drone x11  
  86  6:31  Drone  
  98  6:34  Zerg Melee Weapons Level 2  
  98  6:36  Infestation Pit, Hatchery  
  98  6:37  Spire  
  98  6:38  Drone  
  98  6:39  Drone x3  
  90  7:03  Drone x5  
  90  7:04  Drone x3  
  98  7:14  Hatchery  
  95  7:20  Zergling x8  
  95  7:21  Zergling x24  
  111  7:49  Corruptor x11  
  107  8:13  Queen  
  108  8:24  Drone x11  
  108  8:26  Extractor  
  118  8:28  Extractor  
  118  8:33  Overlord x2  
  117  8:43  Corruptor x5, Extractor  
  117  8:44  Corruptor x2  
  117  8:45  Extractor  
  129  8:48  Zergling x2  
  129  8:49  Zergling x18  
  129  8:54  Overlord  
  129  8:55  Overlord x3  
Show
View Real Time Build Order
Export as new Build Order

Meow Protoss 

Build Orders: 1 Gate Expand 

Get SALT Encoding   

  12  0:00  Probe  
  13  0:13  Probe  
  14  0:20  Pylon  
  14  0:25  Probe  
  15  0:38  Probe (Chrono Boost)  
  16  0:45  Gateway  
  17  0:50  Assimilator, Probe (Chrono Boost)  
  17  0:56  Pylon  
  17  0:58  Probe  
  18  1:10  Probe (Chrono Boost)  
  19  1:23  Probe (Chrono Boost)  
  20  1:30  Probe (Chrono Boost)  
  21  1:36  Nexus  
  21  1:43  Cybernetics Core  
  21  1:47  Pylon  
  21  1:53  Assimilator  
  21  1:57  Probe  
  22  2:09  Probe  
  23  2:16  Adept (Chrono Boost)  
  26  2:22  Probe  
  26  2:26  Stargate  
  26  2:31  Warp Gate (Chrono Boost)  
  26  2:36  Probe  
  27  2:38  Gateway  
  27  2:43  Stalker (Chrono Boost)  
  27  2:49  Probe  
  30  2:52  Probe  
  31  3:01  Probe  
  31  3:04  Probe  
  33  3:13  Void Ray, Probe  
  33  3:16  Probe  
  39  3:25  Pylon  
  39  3:26  Probe  
  40  3:28  Probe  
  41  3:36  Adept  
  41  3:37  Adept  
  41  3:38  Probe  
  46  3:43  Probe  
  47  3:50  Pylon, Probe (Chrono Boost)  
  49  4:00  Probe (Chrono Boost)  
  49  4:02  Probe (Chrono Boost)  
  50  4:07  Probe (Chrono Boost)  
  50  4:09  Probe (Chrono Boost)  
  52  4:11  Forge  
  52  4:14  Assimilator  
  52  4:16  Assimilator, Probe  
  53  4:19  Probe  
  53  4:24  Nexus  
  54  4:36  Fleet Beacon  
  54  4:37  Probe x2  
  55  4:49  Pylon, Probe x2  
  57  4:55  Stargate  
  57  5:01  Pylon, Probe x2  
  59  5:13  Probe x2  
  61  5:19  Protoss Air Weapons Level 1 (Chrono Boost), Adept x2  
  63  5:25  Probe x2  
  59  5:37  Probe  
  59  5:38  Probe  
  59  5:41  Adept x2  
  61  5:43  Probe  
  68  5:50  Probe x2  
  68  5:51  Carrier (Chrono Boost)  
  68  5:55  Probe  
  76  5:57  Pylon  
  76  5:58  Carrier (Chrono Boost)  
  76  6:02  Probe  
  77  6:04  Pylon  
  77  6:05  Probe  
  77  6:07  Probe  
  79  6:14  Assimilator, Probe  
  79  6:16  Assimilator  
  79  6:17  Probe  
  81  6:19  Probe  
  82  6:26  Pylon, Photon Cannon  
  82  6:29  Shield Battery, Mothership (Chrono Boost)  
  85  6:33  Probe (Chrono Boost)  
  85  6:35  Probe (Chrono Boost)  
  92  6:42  Carrier (Chrono Boost)  
  92  6:45  Probe (Chrono Boost)  
  99  6:53  Adept x2  
  101  7:03  Nexus  
  101  7:18  Pylon  
  101  7:23  Pylon  
  101  7:32  Nexus  
  101  7:36  Probe (Chrono Boost)  
  102  7:37  Carrier  
  108  7:44  Adept  
  108  7:50  Carrier  
  106  7:54  Adept  
  106  8:15  Photon Cannon  
  106  8:16  Probe x2  
  106  8:17  Shield Battery  
  106  8:18  Pylon  
  108  8:20  Probe  
  108  8:21  Pylon  
  108  8:25  Shield Battery  
  109  8:35  Stargate, Probe x3  
  109  8:38  Photon Cannon  
  109  8:39  Shield Battery  
  112  8:42  Shield Battery  
  112  8:47  Probe  
  119  8:59  Robotics Facility  
  119  9:01  Photon Cannon  
  119  9:02  Probe x2  
Tags
 
Add a new tag
Caveats
  • Supply blocks, unpowered buildings, or Contaminate may cause inaccurate times.
  • Supply counts are checked every 10 seconds.